Map: Simulacrum LE

Players

DoctorRyan

  • Race: Protoss Protoss
  • League: Grandmaster
  • Spawn Location: 5:00

EndlessTv - Winner!

  • Race: Terran Terran
  • League: Master
  • Spawn Location: 11:00

VOD

Have the link to the VOD?

Description

Time

  • Played on: March 8, 2020, 4:37 p.m.
  • Length: 13:13
Show
View Real Time Build Order
Export as new Build Order

DoctorRyan Protoss 

Build Orders: 1 Gate Expand, Blink Stalkers, Colossus Rush 

Get SALT Encoding   

  12  0:01  Probe  
  13  0:13  Probe  
  14  0:18  Pylon  
  14  0:25  Probe  
  15  0:37  Probe (Chrono Boost)  
  15  0:38  Gateway  
  16  0:48  Probe (Chrono Boost), Assimilator  
  17  0:53  Probe (Chrono Boost)  
  18  1:03  Probe  
  19  1:15  Probe  
  20  1:24  Nexus  
  20  1:34  Cybernetics Core  
  20  1:38  Probe  
  21  1:41  Assimilator  
  21  1:50  Probe  
  21  1:51  Pylon  
  22  2:02  Probe  
  22  2:08  Adept (Chrono Boost)  
  23  2:12  Warp Gate  
  23  2:14  Probe  
  26  2:24  Stalker (Chrono Boost)  
  26  2:27  Probe (Chrono Boost)  
  27  2:33  Twilight Council  
  27  2:36  Probe (Chrono Boost)  
  31  2:44  Probe (Chrono Boost)  
  31  2:45  Probe (Chrono Boost)  
  31  2:50  Probe x2 (Chrono Boost)  
  33  2:51  Sentry  
  36  3:01  Gateway  
  36  3:02  Probe  
  36  3:03  Probe  
  38  3:14  Probe, Blink (Chrono Boost)  
  38  3:15  Probe  
  40  3:20  Pylon  
  40  3:26  Probe  
  41  3:27  Probe  
  41  3:30  Assimilator  
  41  3:34  Assimilator  
  42  3:37  Gateway  
  42  3:38  Probe  
  42  3:39  Probe  
  44  3:48  Robotics Facility  
  44  3:53  Probe x2  
  46  4:01  Gateway  
  46  4:03  Stalker  
  46  4:05  Probe (Chrono Boost)  
  46  4:06  Probe (Chrono Boost)  
  46  4:18  Probe x2 (Chrono Boost)  
  46  4:20  Stalker  
  49  4:25  Probe x2 (Chrono Boost)  
  51  4:32  Probe x2  
  51  4:36  Observer  
  54  4:41  Gateway  
  54  4:49  Robotics Bay  
  54  4:50  Forge  
  54  4:52  Pylon  
  54  4:54  Pylon  
  54  5:01  Shield Battery  
  54  5:02  Observer  
  54  5:10  Probe x2  
  54  5:11  Charge  
  53  5:22  Probe x2  
  53  5:25  Protoss Ground Weapons Level 1  
  55  5:30  Nexus, Phoenix  
  55  5:32  Pylon  
  55  5:34  Probe x2  
  57  5:37  Colossus (Chrono Boost)  
  63  5:42  Extended Thermal Lance  
  63  5:46  Probe x2  
  63  5:48  Sentry x2  
  69  5:54  Pylon  
  69  5:58  Probe x2  
  71  6:10  Probe x2  
  73  6:11  Pylon  
  73  6:14  Pylon  
  73  6:15  Colossus (Chrono Boost)  
  79  6:23  Probe x2  
  79  6:35  Probe x2  
  79  6:37  Stalker x3  
  84  6:43  Probe (Chrono Boost)  
  83  6:47  Probe x2 (Chrono Boost)  
  86  6:55  Probe (Chrono Boost)  
  86  6:58  Probe x2 (Chrono Boost)  
  86  7:01  Probe (Chrono Boost), Gateway  
  88  7:02  Probe x2 (Chrono Boost)  
  88  7:05  Gateway  
  88  7:07  Gateway  
  91  7:09  Probe  
  91  7:11  Colossus (Chrono Boost)  
  91  7:13  Probe x2  
  100  7:21  Probe, Assimilator  
  101  7:25  Probe, Assimilator  
  102  7:34  Stalker x2  
  102  7:35  Stalker  
  102  7:36  Protoss Ground Weapons Level 2 (Chrono Boost)  
  108  7:50  Disruptor (Chrono Boost)  
  108  7:57  Gateway  
  111  8:00  Gateway  
  111  8:02  Pylon  
  111  8:03  Pylon  
  111  8:07  Shield Battery, Pylon  
  111  8:08  Pylon  
  111  8:09  Shield Battery  
  111  8:10  Shield Battery  
  111  8:19  Disruptor (Chrono Boost)  
  111  8:23  Zealot x6  
  126  8:28  Shield Battery x2  
  126  8:29  Shield Battery  
  126  8:37  Shield Battery  
  126  8:39  Shield Battery, Photon Cannon  
  126  8:46  Templar Archives  
  126  8:49  Disruptor (Chrono Boost)  
  126  8:54  Stalker x3  
  126  8:55  Stalker  
  135  8:57  Sentry  
  135  8:58  Sentry x3  
  141  9:22  Zealot x7  
  149  9:28  Zealot  
  86  9:44  Zealot x7  
  57  10:01  Zealot  
  59  10:08  Stalker  
  59  10:09  Stalker x3  
  59  10:12  Zealot x2  
  71  10:14  Disruptor  
  72  10:26  Zealot  
  57  10:38  Zealot x5  
  45  11:05  Zealot x2  
  44  11:15  Zealot  
  42  11:25  Pylon  
  42  11:26  Zealot  
  42  11:35  Zealot  
  42  11:39  Zealot x2  
  47  11:50  Zealot  
  49  11:58  Sentry  
  49  11:59  Sentry  
  53  12:10  Zealot  
  55  12:19  Zealot  
  55  12:42  Zealot x2  
  59  12:50  Zealot  
Show
View Real Time Build Order
Export as new Build Order

EndlessTv Terran - Winner!

Build Orders: Banshee Rush 

Get SALT Encoding   

  12  0:01  SCV  
  13  0:13  SCV  
  14  0:17  Supply Depot  
  14  0:25  SCV  
  15  0:38  SCV  
  15  0:40  Barracks  
  16  0:46  Refinery  
  16  0:50  SCV  
  17  1:02  SCV  
  18  1:14  SCV  
  19  1:27  Orbital Command  
  19  1:28  Marine  
  20  1:46  Command Center  
  20  1:56  Supply Depot  
  20  1:59  SCV  
  21  2:04  Barracks Reactor  
  21  2:12  Bunker  
  21  2:13  SCV  
  22  2:24  Factory  
  22  2:25  SCV  
  23  2:32  Refinery  
  24  2:37  SCV  
  24  2:40  Marine  
  24  2:41  Marine  
  26  2:49  SCV  
  27  2:59  Orbital Command  
  27  3:01  SCV  
  28  3:07  Starport  
  28  3:13  SCV  
  28  3:14  Barracks Tech Lab  
  28  3:16  Hellion x2  
  33  3:25  SCV  
  34  3:28  SCV  
  35  3:37  SCV  
  35  3:41  SCV  
  37  3:43  Marine x2  
  39  3:48  Supply Depot  
  39  3:49  Factory Tech Lab, SCV  
  39  3:50  Banshee  
  39  3:52  Supply Depot  
  39  3:53  SCV  
  39  3:54  Cloaking Field  
  44  4:13  Marine x2  
  44  4:14  Siege Tank  
  45  4:19  Barracks  
  45  4:20  SCV  
  45  4:22  Barracks, SCV  
  47  4:31  Marine x2  
  48  4:32  SCV  
  48  4:34  SCV  
  48  4:35  Banshee  
  54  4:40  Refinery  
  54  4:42  Refinery  
  54  4:44  Engineering Bay, SCV  
  55  4:51  Supply Depot  
  55  4:53  Supply Depot  
  55  4:55  SCV  
  55  4:56  SCV  
  57  5:07  SCV  
  57  5:12  Factory Tech Lab  
  58  5:17  Marine  
  58  5:18  Marine  
  60  5:24  Stimpack  
  60  5:25  Marauder  
  60  5:26  Combat Shield, Marauder  
  60  5:27  Starport Reactor  
  61  5:31  SCV  
  61  5:33  SCV  
  61  5:34  Terran Infantry Weapons Level 1  
  63  5:35  Marine x2  
  63  5:39  Supply Depot  
  65  5:43  SCV  
  65  5:45  SCV  
  65  5:46  Marauder  
  65  5:47  Marauder  
  71  5:54  Marine  
  71  5:55  SCV  
  71  5:56  Marine  
  74  5:57  SCV  
  74  6:02  Supply Depot  
  75  6:08  Marauder x2, SCV  
  75  6:10  Medivac x2  
  75  6:11  SCV  
  85  6:21  Barracks  
  85  6:24  Barracks  
  85  6:32  SCV  
  86  6:40  Viking x2  
  86  6:41  SCV  
  86  6:42  Marine  
  86  6:44  SCV  
  93  6:50  Marauder, Concussive Shells  
  93  6:52  Marine, Marauder  
  93  6:54  Siege Tank  
  99  7:02  Supply Depot  
  99  7:10  Medivac x2  
  99  7:11  Marine x2, Marauder  
  99  7:13  Marauder  
  99  7:14  Barracks Tech Lab x2  
  108  7:19  SCV x2  
  110  7:26  Siege Tank  
  110  7:28  Supply Depot  
  110  7:29  Marine x2  
  115  7:32  SCV  
  116  7:38  Marauder  
  118  7:49  Viking x2  
  118  7:50  Marauder x2  
  126  7:54  Marauder  
  126  7:56  Supply Depot  
  128  8:00  Marauder  
  128  8:03  Marine x2  
  132  8:11  Marauder  
  134  8:18  Marauder  
  136  8:24  Marine x2, Marauder x2  
  136  8:27  Terran Infantry Armor Level 1  
  142  9:07  Viking  
  142  9:08  Viking, Marauder x2  
  150  9:17  SCV  
  150  9:19  Marauder  
  150  9:23  SCV  
  148  9:30  SCV  
  124  9:37  Marauder x2, SCV  
  112  9:42  SCV  
  109  9:46  Marauder  
  101  9:59  Marauder x2  
  104  10:04  Marine x2  
  100  10:19  SCV  
  99  10:26  Marauder  
  99  10:27  Marauder x2  
  65  10:53  Marauder x2, SCV x2  
  70  11:05  SCV  
  69  11:16  Medivac x2  
  69  11:31  Marauder  
  70  11:35  Marauder  
  72  11:41  Marauder  
  72  11:42  Marauder, SCV x2  
  72  11:43  Marine x2  
  72  11:44  Siege Tank  
  83  11:53  Marauder  
  85  11:54  SCV x2  
  85  11:55  Marine  
  85  12:01  Marine  
  88  12:03  Marauder x2  
  88  12:06  SCV  
  88  12:07  SCV  
  95  12:12  Marine  
  95  12:13  Marine, Command Center  
  95  12:15  Marine  
  98  12:18  SCV  
  98  12:19  SCV  
  85  12:49  Marine x3, Marauder x2  
Tags
 
Add a new tag
Caveats
  • Supply blocks, unpowered buildings, or Contaminate may cause inaccurate times.
  • Supply counts are checked every 10 seconds.